Cogmind - Beta 14 @@@ ROGUE MODE // 2024.08.20 @ 14:48:27 Player: Sgt. SmokeWeed Result: Destroyed by as-33276 with Assembled Heavy Rifle Performance ------------- Evolutions (0) 0 Regions Visited (2) 400 Robots Destroyed (3) 15 Value Destroyed (97) 97 Prototype IDs (0) 0 Alien Tech Used (0) 0 Bonus (0) 0 TOTAL SCORE: 512 Bonus ------- None Cogmind --------- Core Integrity 0/250 Matter 300/300 Energy 100/100 System Corruption 4% Temperature Cool (0) Movement Core (50) Location -10/Mines Parts ------- > --- POWER (1) -------- (None) > --- PROPULSION (2) --- (None) > --- UTILITY (2) ------ (None) > --- WEAPON (2) ------- (None) > --- INVENTORY (5) ---- Light Treads Peak State ------------ > --- POWER ------------ Light Ion Engine > --- PROPULSION ------- Light Treads Light Treads > --- UTILITY ---------- (None) > --- WEAPON ----------- EM Pulse Gun Light Assault Rifle > --- INVENTORY -------- (None) [Rating: 5] Favorites ----------- Power Ion Engine Engine Ion Engine Propulsion Light Treads Treads Light Treads Utility None Weapon Light Assault Rifle Energy Gun EM Pulse Gun Ballistic Gun Light Assault Rifle Build | -11 -10 -10 ------- Run | Yrd Mat Min Slots Evolved . | . . . Power . | . . . Propulsion . | . . . Utility . | . . . Weapon . | . . . Parts Attached 7 | 6 1 . Power 2 | 2 . . Engine 2 | 2 . . Core . | . . . Reactor . | . . . Propulsion 3 | 2 1 . Treads 3 | 2 1 . Leg . | . . . Wheel . | . . . Hover . | . . . Flight . | . . . Utility . | . . . Device . | . . . Storage . | . . . Processor . | . . . Hackware . | . . . Protection . | . . . Artifact . | . . . Weapon 2 | 2 . . Energy Gun 1 | 1 . . Energy Cannon . | . . . Ballistic Gun 1 | 1 . . Ballistic Cannon . | . . . Launcher . | . . . Special Weapon . | . . . Impact Weapon . | . . . Slashing Weapon . | . . . Piercing Weapon . | . . . Special Melee Weapon . | . . . Unidentified Prototypes . | . . . Parts Lost 5 | . 1 4 Power 1 | . . 1 Propulsion 2 | . . 2 Utility . | . . . Weapon 2 | . 1 1 Highest Loss Streak 4 | . 1 4 To Critical Strikes . | . . . Average Slot Usage (%) 63 | . 64 57 Engine 14 | . 14 14 Treads 28 | . 28 28 Energy Gun 6 | . 7 . Ballistic Gun 14 | . 14 14 Peak Build Rating 5 | 5 5 4 Average Rating 4 | 4 4 3 On Entrance 3 | . 5 4 Naked Turns 1 | . . 1 Heaviest Build 8 | 8 8 6 Greatest Support 40 | 40 40 40 Greatest Overweight (x) . | . . . Average Overweight (x) . | . . . Largest Inventory Capacity 5 | 5 5 5 Average Capacity 5 | 5 5 5 Most Carried 1 | 1 1 1 Average Carried . | . . 1 Final Capacity 5 | 5 5 5 Final Carried 1 | . 1 1 Class Distribution -------------------- 100% | Mutant Dominant Class ---------------- Mutant | -10/Materials Mutant | -10/Mines Resources | -11 -10 -10 ----------- Run | Yrd Mat Min Matter Collected 289 | 250 25 14 Remotely . | . . . Salvage Created 112 | . 112 . Parts 5 | . 5 . Haulers Intercepted . | . . . Recyclers Shooed . | . . . Parts Field Recycled . | . . . Retrieved Matter . | . . . Parts Self-Destructed . | . . . Prevented . | . . . Kills | -11 -10 -10 ------- Run | Yrd Mat Min Combat Hostiles Destroyed 2 | . 2 . Guns 2 | . 2 . Classes Destroyed 2 | . 2 . Operator 1 | . 1 . Grunt 2 | . 2 . Best Kill Streak 1 | . 1 . Combat Bots Only 1 | . 1 . Max Kills in Single Turn 1 | . 1 . Gunslinging . | . . . Exploded . | . . . Melee . | . . . Uniques/NPCs Destroyed . | . . . Combat | -11 -10 -10 -------- Run | Yrd Mat Min Hostile Shots Fired 49 | . 28 21 Missed 11 | . 6 5 Damage Taken 816 | . 270 546 Core 261 | . 23 238 Absorbed by Shields . | . . . Core Remaining (%) 100 | 100 . . Volleys Fired 33 | . 33 . Largest 2 | . 2 . Hottest 60 | . 60 . Shots Fired 41 | . 41 . Gun 41 | . 41 . Cannon . | . . . Launcher . | . . . Special . | . . . Kinetic 33 | . 33 . Thermal . | . . . Explosive . | . . . Electromagnetic 8 | . 8 . Robot Hit Streak 7 | . 7 . Robot Miss Streak 2 | . 2 . Penetration Max . | . . . Secondary Targets . | . . . Shots Hit Robots 27 | . 27 . Core Hits 9 | . 9 . Critical Kills . | . . . Critical Parts Destroyed 1 | . 1 . Critical Strikes 2 | . 2 . Destroy 1 | . 1 . Corrupt 1 | . 1 . Melee Attacks . | . . . Impact . | . . . Slashing . | . . . Piercing . | . . . Sneak Attacks . | . . . Combat Hostiles . | . . . Follow-up Attacks . | . . . Damage Inflicted 257 | . 253 4 Guns 252 | . 252 . Cannons . | . . . Explosions . | . . . Melee . | . . . Ramming 5 | . 1 4 Kinetic 160 | . 160 . Thermal . | . . . Explosive . | . . . Electromagnetic 92 | . 92 . Impact . | . . . Slashing . | . . . Piercing . | . . . Highest Corruption 4 | . . 4 Average Corruption 4 | . . 4 Corruption Purged . | . . . Corruption Blocked . | . . . Overload Shots . | . . . Overflow Damage . | . . . Projectiles . | . . . Explosions . | . . . Melee . | . . . Knockbacks . | . . . Impact . | . . . Kinetic . | . . . Secondary . | . . . Self-Inflicted Damage . | . . . Shots . | . . . Rammed 2 | . 1 1 Targets Rammed 2 | . 1 1 Kicked . | . . . Crushed . | . . . Highest Temperature 94 | . 94 . Average Temperature 29 | . 29 . Received Heat Transfer 167 | . 147 20 Siege Activations . | . . . Robots Corrupted . | . . . Combat Hostiles . | . . . Parts Fried . | . . . Impact Corruptions . | . . . Robots Melted . | . . . Combat Hostiles . | . . . Parts Melted . | . . . Heat Transferred . | . . . Parts Sabotaged . | . . . Parts Stolen . | . . . Parts Stripped . | . . . Power Chain Reactions . | . . . Alert | -11 -10 -10 ------- Run | Yrd Mat Min Peak Influence 50 | . 50 49 Initial 19 | . . 19 Average 18 | . 21 26 Maximum Alert Level . | . . . Low Security (%) 100 | 100 100 100 Level 1 . | . . . Level 2 . | . . . Level 3 . | . . . Level 4 . | . . . Level 5 . | . . . High Security . | . . . Max Security . | . . . Squads Dispatched . | . . . Investigation . | . . . Extermination . | . . . Reinforcement . | . . . Assault . | . . . Garrison . | . . . Intercept . | . . . Searches Triggered . | . . . Construction Impeded . | . . . Haulers Reinforced . | . . . Active Scanning Responses . | . . . Cargo Convoy Interrupts . | . . . Stealth | -11 -10 -10 --------- Run | Yrd Mat Min Distress Signals . | . . . Communications Jammed . | . . . Distress Signals . | . . . Times Spotted 23 | . 4 19 Peak Tracking Total 15 | . 2 15 Tactical Retreats . | . . . Traps | -11 -10 -10 ------- Run | Yrd Mat Min Traps Triggered . | . . . Indirectly . | . . . Trap Hack Attempts . | . . . Triggered . | . . . Disarmed . | . . . Reprogrammed . | . . . Reused . | . . . Traps Extracted . | . . . Installed . | . . . Triggered . | . . . Machines | -11 -10 -10 ---------- Run | Yrd Mat Min Machines Disabled . | . . . Max in Single Turn . | . . . Machines Repaired . | . . . Machines Dismantled . | . . . Machines Sabotaged . | . . . Overloaded Fab Kills . | . . . Hacking | -11 -10 -10 --------- Run | Yrd Mat Min Machines Accessed 1 | . 1 . Terminals 1 | . 1 . Fabricators . | . . . Repair Stations . | . . . Recycling Units . | . . . Scanalyzers . | . . . Garrison Access . | . . . Total Hacks 1 | . 1 . Successful 1 | . 1 . Failed . | . . . Catastrophic . | . . . Database Lockouts . | . . . Manual . | . . . Terminals 1 | . 1 . Fabricators . | . . . Repair Stations . | . . . Recycling Units . | . . . Scanalyzers . | . . . Garrison Access . | . . . Terminal Hacks 1 | . 1 . Hauler Manifests 1 | . 1 . Fabricator Hacks . | . . . Repair Station Hacks . | . . . Recycling Unit Hacks . | . . . Scanalyzer . | . . . Garrison Access Hacks . | . . . Unauthorized Hacks . | . . . Terminals . | . . . Fabricators . | . . . Repair Stations . | . . . Recycling Units . | . . . Scanalyzers . | . . . Garrison Access . | . . . Data Cores Recovered 1 | . 1 . Used . | . . . Hacking Detections . | . . . Full Trace Events . | . . . Feedback Events . | . . . Feedback Blocked . | . . . Robot Schematics Acquired . | . . . Robots Built . | . . . Authchips . | . . . Time . | . . . Total Robot Build Rating . | . . . Part Schematics Acquired . | . . . Parts Built . | . . . Authchips . | . . . Time . | . . . Total Part Build Rating . | . . . Parts Repaired . | . . . Time . | . . . Parts Recycled . | . . . Recycled Matter . | . . . Retrieved Matter . | . . . Retrieved Components . | . . . Parts Scanalyzed . | . . . Part Schematics Acquired . | . . . Parts Damaged . | . . . Bothacking | -11 -10 -10 ------------ Run | Yrd Mat Min Used RIF Installer . | . . . Robots Hacked . | . . . Non-combat . | . . . Combat . | . . . Robot Hacks Applied . | . . . Relay Couplers Released . | . . . Fabnet Peak Effective % . | . . . Robots Rewired . | . . . Allies Hacked . | . . . Hacks Repelled . | . . . Allies | -11 -10 -10 -------- Run | Yrd Mat Min Total Allies . | . . . Largest Group . | . . . Highest-Rated Group . | . . . Highest-Rated Ally . | . . . Total Orders . | . . . Ally Attacks . | . . . Total Damage . | . . . Kills . | . . . Allies Corrupted . | . . . Allies Melted . | . . . Intel | -11 -10 -10 ------- Run | Yrd Mat Min Robot Analysis Total . | . . . Derelict Logs Recovered . | . . . Drone Launches . | . . . Drone Recoveries . | . . . Exploration | -11 -10 -10 ------------- Run | Yrd Mat Min Turns Passed 277 | 54 191 32 Spaces Moved 129 | 34 76 19 Core 8 | 8 . . Treads 121 | 26 76 19 Legs . | . . . Wheels . | . . . Hover . | . . . Flight . | . . . Fastest Speed 50 | 50 160 160 Average Speed 153 | 134 160 160 Slowest Speed 160 | 160 160 160 Overloaded Moves . | . . . Propulsion Burnouts . | . . . Robots Hopped . | . . . Cave-ins Triggered . | . . . Exploration Rate (%) 12 | 4 21 12 Regions Visited 2 Branch Regions 1 Pre-discovered Areas . | . . . Known Exits Taken . | . . . Unknown Exits Taken 2 | 1 1 . Scrap Searched 1 | . . 1 Spaces Dug . | . . . Terrain Destroyed . | . . . Melee . | . . . Projectile . | . . . AOE . | . . . Terrain Rammed . | . . . Walls Destroyed . | . . . Machines Disabled . | . . . Actions | -11 -10 -10 --------- Run | Yrd Mat Min Total 170 | 40 110 20 Wait . | . . . Move 127 | 33 75 19 Hop . | . . . Pick Up . | . . . Fast Attach 5 | 5 . . Attach . | . . . Detach . | . . . Swap 2 | 1 1 . Drop 1 | 1 . . Fire 33 | . 33 . Melee . | . . . Ram . | . . . Kick . | . . . Crush 2 | . 1 1 Escape Stasis . | . . . Rewire . | . . . Trap . | . . . Miscellaneous . | . . . Route ------- -11/Scrapyard -10/Materials -10/Mines History --------- Turn | Location | Event 2 | -11/Scrapyard | Met Revision 17 7 | -11/Scrapyard | Discovered new exit (range 15) 55 | -11/Scrapyard | Entered Materials 99 | -10/Materials | Discovered new exit (range 15) 246 | -10/Materials | Entered Mines 247 | -10/Mines | Assembled infested the area 252 | -10/Mines | Assisted by a Guerilla fighting off Assembled 259 | -10/Mines | Met a Derelict bent on vengeance 272 | -10/Mines | Core integrity fell below 50% 277 | -10/Mines | Core integrity fell below 20% 278 | -10/Mines | Destroyed by as-33276 with Assembled Heavy Rifle Last Messages --------------- from, and they're closing on this area, come on!" Slammed into T-07 Excavator. Searching scrap... Found Terrain Scanner. Found Hover Unit. Found 62 Matter. Acquired 14 matter. as-96776 sneak attacks. T-07 Excavator destroyed. as-96776 destroyed. as-80115 destroyed. as-41548 destroyed. as-84714 destroyed. Lgt. Treads destroyed. System corrupted by crushing effect (+4). Lgt. Assault Rifle destroyed. Ion Engine destroyed. as-70207 destroyed. as-72290 destroyed. Lgt. Treads destroyed. Map ----- +----------------------------------------------------+ | ?????????????????????????????????????????????????? | | ?????????????????????????????????????????????????? | | ?????????????????????????????????????????????????? | | ?????????????????????????????????????????????????? | | ?????????????????????????????????????????????????? | | ?????????????????????????????????????????????????? | | ?????????????????????????????????????????????????? | | ?????????????????????????????????????????????????? | | ?????????????????????????????????????????????????? | | ?????????????????????????????????????????????????? | | ?????????????????????????????????????????????????? | | ?????????????????????????????????????????????????? | | ?????????????????????????????????????????????????? | | ?????????????????????????????????????????????????? | | ?????????????????????????????????????????????????? | | ?????????????????????????????????????????????????? | | ?????????????????????????????????????????????????? | | ?????????????????????????????????????????????????? | | ?????????????? ?????????????????????????????????? | | ??????????????? ##??????######??????????????????? | | ?????????????????"a ###### ##?????????????????? | | ???????????????????a # ###???????????????? | | ????????????????????# # ####????????????? | | ???????????????????## a ##???????????? | | ??????????????????## a % ###?????????? | | ??????????????????# @ ##????????? | | ???????????# a aa aa #????????? | | ??????????# a % ##???????? | | ??????????? ## ##??????? | | ??????????? ### ???###!=# d #??????? | | ??????????????????????# %### d #?????? | | ??????????????????????# %a= #?????? | | ??????????????????????# # ## t #?????? | | ??????????????????????# ### #?# % ????? | | ??????????????????????# ??## ###?? ????? | | ??????????????????????## ???###????? ????? | | ???????????????????????# ???????????? ?????? | | ???????????????????????# ????????????###%"?????? | | ??????????????????????? #??????????????????????? | | ??????????????????????? ##??????????????????????? | | ???????????????????????##????????????????????????? | | ?????????????????????????????????????????????????? | | ?????????????????????????????????????????????????? | | ?????????????????????????????????????????????????? | | ?????????????????????????????????????????????????? | | ?????????????????????????????????????????????????? | | ?????????????????????????????????????????????????? | | ?????????????????????????????????????????????????? | | ?????????????????????????????????????????????????? | | ?????????????????????????????????????????????????? | +----------------------------------------------------+ Best States ------------- Heat Dissipation 25 Energy Generation 10 Energy Capacity 250 Matter Stores 300 Matter Capacity 300 Sight Range 16 Terrain Scan Density 10 Evasion (%) 50 Recoil Reduction 2 Item Schematics ----------------- None Robot Schematics ------------------ None Fabricated ------------ Nothing Alien Tech Used ----------------- None Achievements -------------- None Challenges ------------ None Game ------ Seed LightIonicAmplifier Manual? 1 Play Time 00:02:38 Cumulative 77.7 hours Start 2024.08.20 @ 14:46:21 End 2024.08.20 @ 14:48:27 Sessions 1 Manual Loads 0 Difficulty Rogue Special Mode None Game No. 198 Rogue 123 Adventurer 75 Explorer 0 Win Type - Total 0 Types 0/0/0/0/0/0/0/0/0 Lore% 42 Gallery% 43 Achievement% 35 Wizard Run 0 Options --------- Layout 0 ASCII 0 Keyboard 0 Movement Mouse Keybinds 0 Fullscreen 1 Font 24/Smallcaps Map View 76x50 Zoom Use 0% Tactical HUD 0 Map Filters NONE Filters NONE Steam 1 RUN: e600ca4b-0213-471e-b332-7ed1b6977416